 Dungeon Crawl Stone Soup version 0.29.0-7-g18a832c13a (webtiles) character file.

Game seed: 12358483216020674350

749 flotson the Sneak (level 7, -9/54 HPs)
             Began as a Demonspawn Delver on Aug 30, 2022.
             Was an Initiate of Gozag.
             Mangled by a small abomination (13 damage)
             ... created by the touch of Lugonu
             ... on level 6 of the Dungeon.
             The game lasted 00:10:42 (6426 turns).

flotson the Sneak (Demonspawn Delver)               Turns: 6426, Time: 00:10:43

Health: -9/54      AC:  9    Str: 15    XL:     7   Next: 48%
Magic:  9/9        EV: 10    Int: 11    God:    Gozag
Gold:   158        SH: 12    Dex: 14    Spells: 6/6 levels left

rFire   . . .      SeeInvis .   a - +0 dagger (venom)
rCold   . . .      Faith    .   v - +0 kite shield
rNeg    . . .      Spirit   .   p - +0 ring mail
rPois   .          Reflect  .   F - +1 hat
rElec   .          Harm     .   r - +0 cloak
rCorr   .          Rampage  .   u - +0 pair of gloves
Will    .....                   q - +0 pair of boots
Stlth   ++........              (no amulet)
HPRegen 0.18/turn               n - ring of flight
MPRegen 0.11/turn               (no ring)

@: about to teleport, flying
A: foul stench 1, sturdy frame 1, condensation shield, demonic touch 1
a: Renounce Religion, Potion Petition, Call Merchant, Bribe Branch


You were on level 6 of the Dungeon.
You worshipped Gozag.
Gozag was aware of your devotion.
You visited 2 branches of the dungeon, and saw 7 of its levels.

You collected 357 gold pieces.
You spent 109 gold pieces at shops.
You paid 90 gold pieces to Gozag.

Inventory:

Hand Weapons
 a - a +0 dagger of venom (weapon)
 b - a +0 sling
 s - a +0 hand axe
 t - a +0 trident
Missiles
 x - 4 poisoned darts (quivered)
 E - 8 boomerangs
Armour
 p - a +0 ring mail (worn)
 q - a +0 pair of boots (worn)
 r - a +0 cloak (worn)
 u - a +0 pair of gloves (worn)
 v - a +0 kite shield (worn)
 F - a +1 hat (worn)
Jewellery
 n - a ring of flight (left hand)
Wands
 g - a wand of digging (3)
Scrolls
 c - 2 scrolls of fog
 d - 2 scrolls of magic mapping
 e - 2 scrolls of fear
 i - a scroll of teleportation
 j - 5 scrolls of amnesia
 l - a scroll of poison {unknown}
 m - 2 scrolls of enchant weapon {unknown}
 y - a scroll of summoning {unknown}
 C - 2 scrolls of enchant armour {unknown}
 D - a scroll of vulnerability {unknown}
Potions
 f - a potion of haste
 h - a potion of berserk rage {unknown}
 k - a potion of attraction {unknown}
 o - 5 potions of curing
 w - 2 potions of ambrosia {unknown}
 z - a potion of resistance {unknown}
 A - a potion of heal wounds {unknown}
 B - 2 potions of mutation


   Skills:
 + Level 4.2 Fighting
 + Level 3.1 Axes
 + Level 2.2 Ranged Weapons
 + Level 1.1 Throwing
 + Level 2.4 Armour
 + Level 3.2 Dodging
 - Level 4.5 Stealth
 + Level 2.0 Shields
 + Level 3.2 Invocations
 + Level 2.6 Evocations


You had 6 spell levels left.
You didn't know any spells.
Your spell library was empty.

Dungeon Overview and Level Annotations

Branches:
Dungeon (6/15)             Temple (1/1) D:5

Altars:
Ashenzari
Dithmenos
Fedhas
Gozag
Hepliaklqana
Kikubaaqudgha
Nemelex Xobeh
Okawaru
Qazlal
Ru
Sif Muna
Uskayaw
Vehumet
Wu Jian
Xom
Yredelemnul
Lugonu

Shops:
D:1 ?[:=   D:6 :

Annotations:
D:3 1 runed translucent door, DrIncompetent's ghost, amateur SpHu


Innate Abilities, Weirdness & Mutations

You may rarely emit foul miasma when damaged in melee.
Your movements are slightly less encumbered by armour. (ER -2)
A meltable shield of frost defends you. (SH +4)
Your touch may inflict minor irresistible damage on your foes.


Message History

You completely miss the small abomination.
The small abomination is moderately damaged.
The small abomination closely misses you.
You hit the small abomination but do no damage.
The small abomination is moderately damaged.
You block the small abomination's attack.
The small abomination barely misses you.
You closely miss the small abomination.
The small abomination is moderately damaged.
The small abomination hits you but does no damage.
You barely miss the small abomination.
The small abomination is moderately damaged.
You block the small abomination's attack.
The small abomination hits you!
* * * LOW HITPOINT WARNING * * *
You are too injured to fight recklessly!
You are too injured to fight recklessly!
You are too injured to fight recklessly!
You are too injured to fight recklessly!
You are too injured to fight recklessly!
You are too injured to fight recklessly!
You block the small abomination's attack.
You see here a +0 club.
You hit the small abomination.
The small abomination is moderately damaged.
You block the small abomination's attack.
You hit the small abomination.
The small abomination is moderately damaged.
You block the small abomination's attack.
The small abomination hits you.
* * * LOW HITPOINT WARNING * * *
You hit the small abomination but do no damage.
The small abomination is moderately damaged.
The small abomination hits you!
* * * LOW HITPOINT WARNING * * *
The small abomination hits you but does no damage.
As you read the scroll of teleportation, it crumbles to dust.
You feel strangely unstable. The small abomination hits you!
You die...
Your body crumbles into a pile of gold.

#.# #.# #.# ####### #.#
#.....# #.#
#############.###.###.#
#.........<...# #..)..#
#.###########.###x#####
#.# #...@.##### ..#
###.......... ###
#.######### #.# #.# #.#
..# ###


You could see a small abomination.

Vanquished Creatures
  Eustachio (D:5)
  A black bear (D:4)
  An orc warrior (D:4)
  2 ogres (D:4)
  A scorpion (D:4)
  A hound (D:4)
  An iguana (D:5)
  An orc wizard (D:5)
  5 adders
  7 orcs
  4 ball pythons
  7 bats
  7 endoplasms
  2 giant cockroaches
  7 goblins
  6 hobgoblins
  6 jackals
  5 kobolds
  3 quokkas
  3 frilled lizards
  10 rats
81 creatures vanquished.

Vanquished Creatures (others)
  2 withered plants (D:3)
2 creatures vanquished.

Grand Total: 83 creatures vanquished

Notes
Turn   | Place    | Note
-------+----------+-------------------------------------------
     0 | D:5      | flotson the Demonspawn Delver began the quest for the Orb.
     0 | D:5      | Reached XP level 1. HP: 18/18 MP: 1/1
   139 | D:4      | Noticed a quasit
   141 | D:4      | Noticed a quasit
   148 | D:4      | Noticed a quasit
   318 | D:4      | Gained mutation: You may rarely emit foul miasma when
                  | damaged in melee. [demonic ancestry]
   318 | D:4      | Reached XP level 2. HP: 7/24 MP: 2/2
   545 | D:4      | Noticed a black bear
   603 | D:3      | You fall into a shaft and drop 1 floor!
  1182 | D:1      | Found Idyly's Jewellery Shop.
  1195 | D:1      | Found a faded altar of an unknown god.
  1207 | D:1      | Prayed at the altar of an unknown god.
  1207 | D:1      | Became a worshipper of Lugonu the Unformed
  1207 | D:1      | Reached * piety under Lugonu
  1207 | D:1      | Reached ** piety under Lugonu
  1391 | D:1      | Found Huon's Book Shoppe.
  1421 | D:1      | Reached skill level 1 in Evocations
  1427 | D:1      | Found Konum's Magic Scroll Shop.
  1435 | D:1      | Bought a scroll of identify for 24 gold pieces
  1491 | D:1      | Gained mutation: Your movements are slightly less
                  | encumbered by armour. (ER -2) [demonic ancestry]
  1491 | D:1      | Reached XP level 3. HP: 29/29 MP: 3/3
  1706 | D:1      | Found Deirowos's Antique Armour Emporium.
  2060 | D:2      | Reached skill level 1 in Armour
  2653 | D:3      | Reached skill level 1 in Invocations
  2769 | D:1      | Bought a kite shield for 85 gold pieces
  2872 | D:3      | Gained mutation: A meltable shield of frost defends you.
                  | (SH +4) [demonic ancestry]
  2872 | D:3      | Reached XP level 4. HP: 35/35 MP: 4/4
  2958 | D:3      | Found a runed translucent door.
  2959 | D:3      | Noticed DrIncompetent's ghost (amateur SpHu)
  3662 | D:4      | Noticed an orc warrior
  3797 | D:4      | Noticed an ogre
  3818 | D:4      | Noticed a scorpion
  3829 | D:4      | Killed an ogre
  3830 | D:4      | Reached skill level 1 in Ranged Weapons
  3830 | D:4      | Reached XP level 5. HP: 33/41 MP: 4/6
  3842 | D:4      | Reached skill level 1 in Shields
  4132 | D:4      | Noticed an ogre
  4164 | D:4      | Killed an ogre
  4165 | D:4      | Reached XP level 6. HP: 37/48 MP: 7/7
  4676 | D:4      | Killed an orc warrior
  4677 | D:4      | Gained mutation: Your touch may inflict minor irresistible
                  | damage on your foes. [demonic ancestry]
  4677 | D:4      | Reached XP level 7. HP: 20/54 MP: 7/9
  4997 | D:5      | Found a sparkling altar of Nemelex Xobeh.
  5316 | D:5      | Found a staircase to the Ecumenical Temple.
  5322 | Temple   | Entered the Ecumenical Temple
  5329 | Temple   | Fell from the grace of Lugonu
  5329 | Temple   | Became a worshipper of Gozag Ym Sagoz the Greedy
  5396 | D:5      | Noticed Eustachio
  5430 | D:5      | Killed Eustachio
  5431 | D:5      | Reached skill level 1 in Throwing
  5654 | D:5      | Found a basalt altar of Yredelemnul.
  5815 | D:5      | Noticed a large abomination
  5815 | D:5      | Noticed a small abomination
  6284 | D:6      | Found Zatovor's Book Shop.
  6426 | D:6      | Mangled by a small abomination

Illustrated notes

Levels and vault maps discovered:
D:1:      minmay_arrival_split_and_join, layout_basic, serial_shops,
          nicolae_diamond_shop, nicolae_shop_waterfront, shop,
          nicolae_shop_waterfront, hellmonk_ecumenical_altar_pennies_from_heaven
D:2:      layout_rooms
D:3:      layout_basic, gammafunk_ghost_grave, grunt_decor_fettered,
          grunt_ministairs_2
D:4:      cheibrodos_quashed, layout_basic, minmay_surrounded
D:5:      layout_basic, kennysheep_ying_yang, overflow_temple_1_default,
          minmay_temple_entry_fiery, serial_rivers,
          chequers_serial_rivers_room_a, chequers_serial_rivers_large_a,
          chequers_serial_rivers_room_a, chequers_serial_rivers_small_b,
          chequers_serial_rivers_micro_e, chequers_serial_rivers_micro_a,
          supply_closet_lemuel, uniq_eustachio
D:6:      layout_loops_ring, serial_shops,
          nicolae_shop_temple_entry_statues_fountains, uniq_blork_the_orc
Temple:   nicolae_temple_no_exploring_needed

Skill      XL: |  1  2  3  4  5  6  7 |
---------------+----------------------+-----
Dodging        | 2 3 |  3.2
Axes           | 2 3 |  3.1
Evocations     | 1 2 |  2.6
Armour         | 1 2 |  2.4
Invocations    | 1 2 3 |  3.2
Ranged Weapons | 1 2 |  2.2
Shields        | 1 2 |  2.0
Fighting       | 4 |  4.2
Throwing       | 1 |  1.1
Stealth        | |  4.5

Action                   |  1- 3 |  4- 6 |  7- 9 || total
-------------------------+-------+-------+-------++-------
Melee: Hand axe          |    30 |       |       ||    30
       Dagger            |    20 |    73 |    74 ||   167
 Fire: Sling             |   104 |     5 |       ||   109
Throw: Dart              |       |     5 |     3 ||     8
  Use: Scroll            |     1 |     2 |     3 ||     6
       Potion            |       |       |     2 ||     2
 Stab: Sleeping          |     4 |     2 |     1 ||     7
Armor: Leather armour    |    11 |       |       ||    11
       Ring mail         |    40 |    23 |    16 ||    79
Dodge: Dodged            |    95 |    21 |    36 ||   152
Block: Kite shield       |       |    44 |    51 ||    95
